 Dungeon Crawl Stone Soup version 0.13.2 (webtiles) character file.

389 sanboga the Covered (level 5, -16/46 HPs)
             Began as a Minotaur Fighter on Feb 14, 2017.
             Demolished by Prince Ribbit (17 damage)
             ... on Level 6 of the Dungeon.
             The game lasted 00:11:43 (3391 turns).

sanboga the Covered (Minotaur Fighter)              Turns: 3391, Time: 00:11:43

HP -16/46        AC  7     Str 20      XL: 5   Next: 98%
MP   1/1         EV  7     Int  5      God:
Gold 126         SH 19     Dex 11      Spells:  0 memorised,  4 levels left

Res.Fire  : . . .   See Invis. : .   a - +0 hand axe {=f}
Res.Cold  : . . .   Warding    : .   b - +0 scale mail
Life Prot.: . . .   Conserve   : .   c - +0 shield
Res.Poison: .       Res.Corr.  : .   (helmet restricted)
Res.Elec. : .       Clarity    : .   (no cloak)
Sust.Abil.: . .     Spirit.Shd : .   (no gloves)
Res.Mut.  : .       Stasis     : .   (no boots)
Res.Rott. : .       Flight     : .   (no amulet)
Saprovore : . . .                    (no ring)
                                     o - ring of flight

@: slightly resistant to hostile enchantments, extremely unstealthy
A: retaliatory headbutt, horns 2
a: Evoke Flight


You were on level 6 of the Dungeon.
You were not hungry.

You visited 1 branch of the dungeon, and saw 6 of its levels.

You collected 106 gold pieces.

Inventory:

Hand weapons
 a - a +0,+0 hand axe (weapon) {=f}
Armour
 b - a +0 scale mail (worn)
 c - a +0 shield (worn)
Comestibles
 d - 4 bread rations
 p - a pear
Scrolls
 e - 4 scrolls of remove curse {unknown}
 g - a scroll of magic mapping
 i - 2 scrolls of teleportation {unknown}
 j - a scroll of recharging {unknown}
 n - a scroll of random uselessness {unknown}
 t - a scroll of enchant weapon I {unknown}
 u - 2 scrolls of amnesia {unknown}
 v - a scroll of identify {unknown}
 w - a scroll of curse jewellery {unknown}
Jewellery
 o - a ring of flight (left hand)
Potions
 f - 2 potions of brilliance {unknown}
 h - 5 potions of curing {unknown}
 k - 3 potions of might {unknown}
 l - a potion of poison {unknown}
 m - a potion of mutation {unknown}
 q - a potion of flight {unknown}
 r - a potion of heal wounds {unknown}
 s - a potion of resistance {unknown}


   Skills:
 + Level 4.4 Fighting
 + Level 3.7 Axes
 + Level 5.4 Armour
 + Level 2.1 Dodging
 + Level 0.6 Stealth
 + Level 4.8 Shields


You had 4 spell levels left.
You didn't know any spells.

Dungeon Overview and Level Annotations

Branches:
Dungeon (6/27)
 Temple: D:4-7          Orc: D:6-11

Altars:
Nemelex Xobeh

Annotations:
D:6 Prince Ribbit


Innate Abilities, Weirdness & Mutations

You reflexively headbutt those who attack you in melee.
You have a pair of horns on your head.


Message History

You see here an adder corpse.
Found a bread ration.
You open the door.
Found 10 gold pieces.
d - 4 bread rations (gained 1)
You now have 126 gold pieces (gained 10).
Found a short sword and 20 gold pieces.
Prince Ribbit comes into view.
Prince Ribbit croaks.
Prince Ribbit says, "You're just another fly to me."
Prince Ribbit hits you! You block Prince Ribbit's attack.
Prince Ribbit barely misses you.
You closely miss Prince Ribbit.
Your headbutt passes through Prince Ribbit as he momentarily phases out.
Prince Ribbit hits you!
* * * LOW HITPOINT WARNING * * *
You hit Prince Ribbit. Your headbutt misses Prince Ribbit.
Prince Ribbit is lightly wounded.
Prince Ribbit hits you!
You die...

....*#....# ###,#.....# *,*,,*
....*#....# #..,#.#.#.# *,*,,*
*#***#....# #.#*#.#.#.# *,*,,*
#....# #.# #.#.#.####.#,,**
#....# #.# #.#........#,,,*
#....# #.# #.#.#.####.#*,,*
###....###.###.........,,*,,*
#..............#.#.....,,*,,*
*###.......#.##.@F#.#.$#.#..*,,*
,..........#.##.#........#,,,,,*
,....#.....#)...#.#.#..#.#,,,*,*
,,...#####.#..#^#.#....#.*,,,,,*
,,,,,* #.#..$........#,*,,****
,,,,,* #.#..###..,...*,,,,*
,,,,,* #.#...,....,.,*,,,**
,,,,,* #.#.#**##..,,,*,***
,,,,,* #..,,,,,,,,,,,*,*


You could see Prince Ribbit.

Vanquished Creatures
  A centaur skeleton (D:4)
  3 worker ants
  An orc wizard (D:3)
  The ghost of sanboga the Skirmisher, a weakling MiFi (D:4)
  5 adders
  2 giant mites (D:1)
  A giant eyeball (D:4)
  2 giant geckos
  2 oozes (D:2)
  5 orcs (D:3)
  7 bats
  A giant mite zombie (D:5)
  5 goblins
  10 hobgoblins
  A quokka (D:2)
  3 giant newts
  A hobgoblin zombie (D:6)
  2 jackals (D:3)
  6 rats
59 creatures vanquished.

Notes
Turn   | Place    | Note
--------------------------------------------------------------
     0 | D:1      | sanboga, the Minotaur Fighter, began the quest for the Orb.
     0 | D:1      | Reached XP level 1. HP: 19/19 MP: 0/0
    34 | D:1      | Reached XP level 2. HP: 26/26 MP: 0/0
    69 | D:1      | Found a sparkling altar of Nemelex Xobeh.
   171 | D:1      | Reached skill level 4 in Armour
   903 | D:2      | Reached XP level 3. HP: 33/33 MP: 1/1
  1906 | D:3      | Reached XP level 4. HP: 38/40 MP: 1/1
  2139 | D:3      | Reached skill level 1 in Dodging
  2446 | D:3      | Reached skill level 5 in Armour
  2730 | D:4      | Reached XP level 5. HP: 40/46 MP: 1/1
  3041 | D:4      | Paralysed by a giant eyeball for 2 turns
  3044 | D:4      | Paralysed by a giant eyeball for 3 turns
  3051 | D:4      | Paralysed by a giant eyeball for 4 turns
  3069 | D:4      | Noticed sanboga's ghost (weakling MiFi)
  3084 | D:4      | Killed sanboga's ghost
  3144 | D:5      | Entered Level 5 of the Dungeon
  3386 | D:6      | Noticed Prince Ribbit
  3390 | D:6      | HP: 1/46 [Prince Ribbit (16)]
  3391 | D:6      | Demolished by Prince Ribbit

Action                   |  1- 3 |  4- 6 || total
-------------------------+-------+-------++-------
Melee: Hand axe          |    74 |   135 ||   209
  Use: Scroll            |       |     3 ||     3
